 Dungeon Crawl Stone Soup version 0.32-a0-876-gcfddb08e57 (webtiles) character file.

Game seed: 13110591348939363976

6 abessonov the Caller (level 1, 0/13 HPs)
             Began as a Barachi Summoner on Apr 2, 2024.
             Slain by a jackal (2 damage)
             ... on level 1 of the Dungeon.
             The game lasted 00:02:23 (412 turns).

abessonov the Caller (Barachi Summoner)              Turns: 412, Time: 00:02:23

Health: 0/13       AC:  2    Str:  9    XL:     1   Next: 90%
Magic:  2/3        EV: 11    Int: 15    God:
Gold:   17         SH:  0    Dex: 12    Spells: 3/4 levels left

rFire   . . .        (no weapon)
rCold   . . .        (no shield)
rNeg    . . .        a - +0 robe
rPois   .            (no helmet)
rElec   .            (no cloak)
rCorr   .            (no gloves)
SInv    .            (no boots)
Will    .....        (no amulet)
Stlth   ++           (no ring)
HPRegen 0.22/turn    (no ring)
MPRegen 0.08/turn

%: no passive effects
@: slow
A: amphibious, slowness 1, strong legs 1, +LOS
a: Hop


You were on level 1 of the Dungeon.
You visited 1 branch of the dungeon, and saw 1 of its levels.

You collected 17 gold pieces.

Inventory:

Armour
 a - a +0 robe (worn)
 e - a +0 ring mail
Scrolls
 c - a scroll of identify {unknown}
 d - a scroll of brand weapon {unknown}


   Skills:
 + Level 2.3 Dodging
 + Level 2.0 Stealth
 + Level 2.3 Spellcasting
 + Level 4.9 Summonings


You had 3 spell levels left.
You knew the following spells:

 Your Spells              Type           Power      Damage    Failure   Level
a - Summon Small Mammal   Summ           64%        N/A       2%          1

Your spell library contained the following spells:

 Spells                   Type           Power      Damage    Failure   Level
 Call Imp                 Summ           32%        N/A       4%          2
 Call Canine Familiar     Summ           16%        N/A       9%          3
 Summon Blazeheart Golem  Fire/Summ      9%         N/A       61%         4
 Summon Lightning Spire   Summ/Air       9%         N/A       61%         4


Dungeon Overview and Level Annotations

Branches:
Dungeon (1/15)

Altars:


Innate Abilities, Weirdness & Mutations

You are amphibious.
You cover ground slowly.
You can hop short distances.
You have an extended range of vision and can be seen from far away.


Message History

The jackal closely misses your bat.
The jackal bites you but does no damage.
Your bat barely misses the jackal.
Your bat misses the jackal. You barely miss the jackal.
The jackal is severely wounded.
Your bat barely misses the jackal. x2; The jackal misses your bat.
Your bat closely misses the jackal.
The jackal bites you.
The jackal bites your bat but does no damage.
Your bat barely misses the jackal.
Your bat closely misses the jackal.
You closely miss the jackal.
The jackal is severely wounded.
Your bat barely misses the jackal.
Your bat hits the jackal. The jackal bites you.
Your bat hits the jackal but does no damage.
Your bat barely misses the jackal. x2; Your bat misses the jackal.
The jackal closely misses your bat. The jackal bites your bat.
Your bat dies!
Your bat's corpse disappears in a puff of smoke!
Your bat hits the jackal but does no damage.
The jackal bites your bat.
Your bat dies!
Your bat's corpse disappears in a puff of smoke!
The jackal barks!
You are too injured to fight recklessly!
Casting: Summon Small Mammal (safe; 2% risk of failure)
Confirm with . or Enter, or press ? or * to list all spells.
The jackal bites you but does no damage.
The jackal bites your rat.
Your rat dies!
Your rat's corpse disappears in a puff of smoke!
The jackal attacks as it pursues you! The jackal bites you.
The jackal closely misses you. The jackal bites you.
* * * LOW HITPOINT WARNING * * *
The jackal bites you.
* * * LOW HITPOINT WARNING * * *
Magic courses through your body. The jackal barely misses you.
Casting: Summon Small Mammal (safe; 2% risk of failure)
Confirm with . or Enter, or press ? or * to list all spells.
The jackal bites you.
You die...

...#.....# ####.###
##†#####.# #......#
##..[..b.# #.#..#.#
#############.#....#
.# ..........).##
.#####.######.....#
...... ##....#
....... ###r##
####### #@# . ##h#
.# ##hh# .# #.h## #
#.......#
#.....###.# ..####
.# .# .#


You could see 4 jackals and a friendly rat (summoned).

Vanquished Creatures
  3 bats (D:1)
  2 rats (D:1)
5 creatures vanquished.

Vanquished Creatures (collateral kills)
  A hobgoblin (D:1)
  2 ball pythons (D:1)
3 creatures vanquished.

Grand Total: 8 creatures vanquished

Notes
Turn   | Place    | Note
-------+----------+-------------------------------------------
     0 | D:1      | abessonov the Barachi Summoner began the quest for the Orb.
     0 | D:1      | Reached XP level 1. HP: 13/13 MP: 3/3
   412 | D:1      | Slain by a jackal

Illustrated notes

Levels and vault maps discovered:
D:1:      wander_arrival_estate, layout_basic,
          hellmonk_ecumenical_altar_inner_sanctum

Skill      XL: |  1 |
---------------+----+-----
Stealth        | 2 |  2.0
Dodging        | |  2.3
Spellcasting   | |  2.3
Summonings     | |  4.9

Action                     || total
---------------------------++-------
  Melee: Unarmed           ||    54
   Cast: Summon Small Mamm ||     8
    Use: Potion            ||     1
 Armour: Robe              ||    59
  Dodge: Dodged            ||    47

Table legend: (Time is in decaauts)
 A = Elapsed time spent in this place.
 B = Non-inter-level travel time spent in this place.
 C = Inter-level travel time spent in this place.
 D = Time resting spent in this place.
 E = Time spent auto-exploring this place.
 F = Levels seen in this place.
 G = Mean time per level.
                   A        B        C        D        E       F      G
               +--------+--------+--------+--------+--------+-----+--------+
         Total |    461 |    461 |      0 |     45 |    258 |   1 |  461.0 |
       Dungeon |    461 |    461 |      0 |     45 |    258 |   1 |  461.0 |
               +--------+--------+--------+--------+--------+-----+--------+

Top non-repeatable levels by time:
     D:1: 461 daAuts
